ITL
PORTLAND PRIVATEERS @ DETROIT X-WINGS
08/30/2028
 
TOP OF THE 1ST
Portland Privateers batting - Pitching for Detroit X-Wings : RHP Pat Monroe
Pitching: RHP Pat Monroe
Batting: SHB Patrick Larson 0-0: Ball
1-0: SINGLE (Line Drive, 7S)
Batting: RHB Joe Bailey 0-0: Called Strike
0-1: Foul Ball, location: 2F
0-2: Ball
1-2: Ball
2-2: Foul Ball, location: 2F
2-2: Grounds into double play, 4-6-3 (Groundball, 4)
Batting: LHB Carter Sweet 0-0: Ball
1-0: Called Strike
1-1: Called Strike
1-2: Strikes out swinging
Top of the 1st over - 0 run(s), 1 hit(s), 0 error(s), 0 left on base; Portland 0 - Detroit 0
BOTTOM OF THE 1ST
Detroit X-Wings batting - Pitching for Portland Privateers : LHP Alfredo González
Pitching: LHP Alfredo González
Batting: RHB Júlio López 0-0: Swinging Strike
0-1: Foul Ball, location: 2F
0-2: Foul Ball, location: 2F
0-2: SINGLE (Groundball, 6MD)
Batting: RHB Gary Witt 0-0: Called Strike
0-1: Ball
1-1: Foul Ball, location: 2F
1-2: Strikes out swinging
Batting: LHB Juan Jose Pineda 0-0: Called Strike
0-1: Foul Ball, location: 2F
0-2: Ball
1-2: Ball
2-2: Foul Ball, location: 2F
2-2: Strikes out swinging
Batting: RHB Keith Sims 0-0: Ball
1-0: Ball
Pickoff Throw by Catcher to First - Out!
Bottom of the 1st over - 0 run(s), 1 hit(s), 0 error(s), 0 left on base; Portland 0 - Detroit 0
TOP OF THE 2ND
Portland Privateers batting - Pitching for Detroit X-Wings : RHP Pat Monroe
Batting: SHB Eric Pimentel 0-0: Swinging Strike
0-1: Ball
1-1: Called Strike
1-2: Foul Ball, location: 2F
1-2: Ball
2-2: Foul Ball, location: 2F
2-2: Foul Ball, location: 2F
2-2: Ball
3-2: Base on Balls
Batting: RHB José Balina 0-0: Swinging Strike
Eric Pimentel steals 2nd base
0-1: Ball
1-1: Called Strike
1-2: Foul Ball, location: 2F
1-2: Foul Ball, location: 2F
1-2: Ball
2-2: Strikes out looking
Batting: SHB Cory Campbell 0-0: Ball
1-0: Foul Ball, location: 2F
1-1: Ground out 4-3 (Groundball, 4)
Eric Pimentel to third
Batting: LHB Domingo Ledesma 0-0: Ball
1-0: Ball
2-0: SINGLE (Line Drive, 7S)
Eric Pimentel scores
Batting: LHB Pedro Padilla 0-0: Called Strike
0-1: Ball
1-1: Foul Ball, location: 2F
1-2: Ball
2-2: Strikes out swinging
Top of the 2nd over - 1 run(s), 1 hit(s), 0 error(s), 1 left on base; Portland 1 - Detroit 0
BOTTOM OF THE 2ND
Detroit X-Wings batting - Pitching for Portland Privateers : LHP Alfredo González
Batting: RHB Keith Sims 0-0: Swinging Strike
0-1: Ball
1-1: Ball
2-1: SINGLE (Groundball, 6D)
Batting: RHB Jaime Contreras 0-0: Ball
1-0: Foul Ball, location: 2F
1-1: Called Strike
1-2: Ball
2-2: Strikes out swinging
Batting: SHB Javier Jiménez 0-0: Swinging Strike
0-1: Called Strike
0-2: Ball
1-2: Fly out, F5 (Popup, 56S)
Batting: RHB John Moore 0-0: Ball
1-0: Called Strike
1-1: Foul Ball, location: 2F
1-2: Ball
2-2: Ball
3-2: Ground out 4-3 (Groundball, 4)
Bottom of the 2nd over - 0 run(s), 1 hit(s), 0 error(s), 1 left on base; Portland 1 - Detroit 0
TOP OF THE 3RD
Portland Privateers batting - Pitching for Detroit X-Wings : RHP Pat Monroe
Batting: RHB Dave Nelson 0-0: Called Strike
0-1: Ball
1-1: Foul Ball, location: 2F
1-2: Strikes out looking
Batting: SHB Patrick Larson 0-0: Ball
1-0: Called Strike
1-1: Swinging Strike
1-2: Ground out 5-3 (Groundball, 56)
Batting: RHB Joe Bailey 0-0: Called Strike
0-1: Ball
1-1: Called Strike
1-2: Ball
2-2: Strikes out swinging, 2-3 out at first.
Top of the 3rd over - 0 run(s), 0 hit(s), 0 error(s), 0 left on base; Portland 1 - Detroit 0
BOTTOM OF THE 3RD
Detroit X-Wings batting - Pitching for Portland Privateers : LHP Alfredo González
Batting: RHB Oliver Acevedo 0-0: Ball
1-0: DOUBLE (Line Drive, 5D)
Batting: SHB Felipe Detorres 0-0: SINGLE (Groundball, 6MD)
Oliver Acevedo to third
Runner from 3rd tries for Home, SAFE, no throw
Batting: RHB Júlio López 0-0: SINGLE (Groundball, 3) (infield hit)
Felipe Detorres to second
Batting: RHB Gary Witt 0-0: Called Strike
0-1: Ball
1-1: Swinging Strike
1-2: Strikes out swinging
Batting: LHB Juan Jose Pineda 0-0: Ball
1-0: Foul Ball, location: 2F
1-1: Called Strike
1-2: Strikes out swinging
Batting: RHB Keith Sims 0-0: Fly out, F7 (Line Drive, 78M)
Bottom of the 3rd over - 1 run(s), 3 hit(s), 0 error(s), 2 left on base; Portland 1 - Detroit 1
TOP OF THE 4TH
Portland Privateers batting - Pitching for Detroit X-Wings : RHP Pat Monroe
Batting: LHB Carter Sweet 0-0: Ball
1-0: Called Strike
1-1: Called Strike
1-2: Fly out, F7 (Flyball, 7)
Batting: SHB Eric Pimentel 0-0: Ball
1-0: Called Strike
1-1: Called Strike
1-2: Foul Ball, location: 2F
1-2: Strikes out swinging
Batting: RHB José Balina 0-0: Ball
1-0: Ball
2-0: Fly out, F2 (Popup, 56S)
Top of the 4th over - 0 run(s), 0 hit(s), 0 error(s), 0 left on base; Portland 1 - Detroit 1
BOTTOM OF THE 4TH
Detroit X-Wings batting - Pitching for Portland Privateers : LHP Alfredo González
Batting: RHB Jaime Contreras 0-0: Ball
1-0: Fly out, F9 (Flyball, 89S)
Batting: SHB Javier Jiménez 0-0: Called Strike
0-1: Called Strike
0-2: Fly out, F7 (Flyball, 78D)
Batting: RHB John Moore 0-0: Called Strike
0-1: Ball
1-1: Ball
2-1: Ball
3-1: Base on Balls
Batting: RHB Oliver Acevedo 0-0: Ball
1-0: SINGLE (Line Drive, 78M)
John Moore to second
Batting: SHB Felipe Detorres 0-0: Foul Ball, location: 2F
0-1: Ball
1-1: DOUBLE (Flyball, 78XD)
John Moore scores
Oliver Acevedo to third
Pinch Runner at 2nd Paul Alston:
Batting: RHB Júlio López 0-0: Ball
1-0: Ball
2-0: Called Strike
2-1: Called Strike
2-2: SINGLE (Line Drive, 3)
Oliver Acevedo scores
Paul Alston to third
Runner from 3rd tries for Home, SAFE, no throw
Batting: RHB Gary Witt 0-0: Foul Ball, location: 2F
0-1: Called Strike
0-2: Ball
Júlio López steals 2nd base
1-2: Strikes out looking
Bottom of the 4th over - 3 run(s), 3 hit(s), 0 error(s), 1 left on base; Portland 1 - Detroit 4
TOP OF THE 5TH
Portland Privateers batting - Pitching for Detroit X-Wings : RHP Pat Monroe
Now at 1B: Paul Alston
Batting: SHB Cory Campbell 0-0: Ball
1-0: Called Strike
1-1: Swinging Strike
1-2: Strikes out looking
Batting: LHB Domingo Ledesma 0-0: SINGLE (Flyball, 7LS)
Batting: LHB Pedro Padilla 0-0: Ball
1-0: Ball
2-0: SINGLE (Line Drive, 6MD)
Domingo Ledesma to second
Batting: RHB Dave Nelson 0-0: Swinging Strike
0-1: Swinging Strike
0-2: Strikes out swinging
Batting: SHB Patrick Larson 0-0: Ground out U3 (Groundball, 3L)
Top of the 5th over - 0 run(s), 2 hit(s), 0 error(s), 2 left on base; Portland 1 - Detroit 4
BOTTOM OF THE 5TH
Detroit X-Wings batting - Pitching for Portland Privateers : LHP Alfredo González
Batting: LHB Juan Jose Pineda 0-0: Ball
1-0: Swinging Strike
1-1: Called Strike
1-2: Fly out, F7 (Flyball, 7LS)
Now in LF: Jorge Hernández
Batting: RHB Keith Sims 0-0: Ball
1-0: Ball
2-0: Foul Ball, location: 2F
2-1: Foul Ball, location: 2F
2-2: Strikes out swinging
Batting: RHB Jaime Contreras 0-0: Foul Ball, location: 2F
0-1: Ball
1-1: Ball
2-1: Hit by Pitch
Pitching: RHP Carlos Molina
Batting: SHB Javier Jiménez 0-0: Fly out, F7 (Flyball, 7S)
Bottom of the 5th over - 0 run(s), 0 hit(s), 0 error(s), 1 left on base; Portland 1 - Detroit 4
TOP OF THE 6TH
Portland Privateers batting - Pitching for Detroit X-Wings : RHP Pat Monroe
Batting: RHB Joe Bailey 0-0: Swinging Strike
0-1: SINGLE (Groundball, 34D)
Batting: LHB Carter Sweet 0-0: Grounds into double play, 4-6-3 (Groundball, 4)
Batting: SHB Eric Pimentel 0-0: Ball
1-0: Ball
2-0: Ball
3-0: Called Strike
3-1: Ground out U3 (Groundball, 3)
Top of the 6th over - 0 run(s), 1 hit(s), 0 error(s), 0 left on base; Portland 1 - Detroit 4
BOTTOM OF THE 6TH
Detroit X-Wings batting - Pitching for Portland Privateers : RHP Carlos Molina
Batting: RHB John Moore 0-0: Ground out 6-3 (Groundball, 6)
Batting: RHB Oliver Acevedo 0-0: Foul Ball, location: 2F
0-1: Foul Ball, location: 2F
0-2: Ball
1-2: Ball
2-2: Ball
3-2: Ground out 6-3 (Groundball, 6)
Batting: LHB Paul Alston 0-0: Called Strike
0-1: Ball
1-1: Ball
2-1: Foul Ball, location: 2F
2-2: Fly out, F5 (Popup, 5L)
Bottom of the 6th over - 0 run(s), 0 hit(s), 0 error(s), 0 left on base; Portland 1 - Detroit 4
TOP OF THE 7TH
Portland Privateers batting - Pitching for Detroit X-Wings : RHP Pat Monroe
Pitching: RHP Aaron Abrams
Batting: RHB José Balina 0-0: Called Strike
0-1: Fly out, F8 (Flyball, 8RM)
Batting: SHB Cory Campbell 0-0: Called Strike
0-1: Ball
1-1: Foul Ball, location: 2F
1-2: Strikes out swinging
Batting: LHB Domingo Ledesma 0-0: Foul Ball, location: 2F
0-1: Ground out U3 (Groundball, 3L)
Top of the 7th over - 0 run(s), 0 hit(s), 0 error(s), 0 left on base; Portland 1 - Detroit 4
BOTTOM OF THE 7TH
Detroit X-Wings batting - Pitching for Portland Privateers : RHP Carlos Molina
Batting: RHB Júlio López 0-0: Ball
1-0: Called Strike
1-1: Ball
2-1: SINGLE (Flyball, 9S)
Batting: RHB Gary Witt 0-0: Called Strike
0-1: Foul Ball, location: 2F
0-2: Ball
1-2: Ball
2-2: Foul Ball, location: 2F
2-2: Ball
3-2: Foul Ball, location: 2F
3-2: Fly out, F8 (Flyball, 8LM)
Batting: LHB Juan Jose Pineda 0-0: 2-RUN HOME RUN (Line Drive, 9D), Distance : 369 ft
Pitching: RHP Sean Harden
Batting: RHB Keith Sims 0-0: Ball
1-0: Ball
2-0: Called Strike
2-1: Swinging Strike
2-2: Ball
3-2: Fly out, F7 (Flyball, 7)
Batting: RHB Jaime Contreras 0-0: Ball
1-0: Ball
2-0: Called Strike
2-1: SINGLE (Line Drive, 89S)
Batting: SHB Javier Jiménez 0-0: Swinging Strike
0-1: Swinging Strike
0-2: Fielders Choice at 2nd, 4-6 (Groundball, 4MD)
Bottom of the 7th over - 2 run(s), 3 hit(s), 0 error(s), 0 left on base; Portland 1 - Detroit 6
TOP OF THE 8TH
Portland Privateers batting - Pitching for Detroit X-Wings : RHP Aaron Abrams
Now in LF: Merlin Morris
Batting: RHB Jorge Hernández 0-0: Ball
1-0: Ground out 3-1 (Groundball, 23)
Batting: RHB Dave Nelson 0-0: Ball
1-0: Called Strike
1-1: Swinging Strike
1-2: Ball
2-2: Strikes out looking
Batting: SHB Patrick Larson 0-0: Ground out 5-3 (Groundball, 56)
Top of the 8th over - 0 run(s), 0 hit(s), 0 error(s), 0 left on base; Portland 1 - Detroit 6
BOTTOM OF THE 8TH
Detroit X-Wings batting - Pitching for Portland Privateers : RHP Sean Harden
Batting: RHB John Moore 0-0: Called Strike
0-1: Foul Ball, location: 2F
0-2: Strikes out swinging
Batting: RHB Oliver Acevedo 0-0: Foul Ball, location: 2F
0-1: Called Strike
0-2: Ball
1-2: Foul Ball, location: 2F
1-2: Foul Ball, location: 2F
1-2: Ball
2-2: Strikes out swinging
Batting: LHB Paul Alston 0-0: Foul Ball, location: 2F
0-1: Called Strike
0-2: Strikes out looking
Bottom of the 8th over - 0 run(s), 0 hit(s), 0 error(s), 0 left on base; Portland 1 - Detroit 6
TOP OF THE 9TH
Portland Privateers batting - Pitching for Detroit X-Wings : RHP Aaron Abrams
Now at C: Carlos Aguirre
Batting: RHB Joe Bailey 0-0: Ground out 4-3 (Groundball, 4)
Batting: LHB Carter Sweet 0-0: Ball
1-0: SOLO HOME RUN (Flyball, 8LXD), Distance : 413 ft
Batting: SHB Eric Pimentel 0-0: Called Strike
0-1: Ball
1-1: Ball
2-1: Foul Ball, location: 2F
2-2: Foul Ball, location: 2F
2-2: Ball
3-2: Base on Balls
Batting: RHB José Balina 0-0: Called Strike
0-1: Ball
1-1: Called Strike
1-2: Strikes out swinging
Batting: SHB Cory Campbell 0-0: Ball
1-0: Foul Ball, location: 2F
1-1: Ball
2-1: SINGLE (Line Drive, 89S)
Eric Pimentel to second
Pitching: RHP Charlie Alexander
Batting: LHB Domingo Ledesma 0-0: Swinging Strike
0-1: Swinging Strike
0-2: Foul Ball, location: 2F
0-2: Strikes out swinging
Top of the 9th over - 1 run(s), 2 hit(s), 0 error(s), 2 left on base; Portland 2 - Detroit 6
Tuesday, August 8th, 2017 - OOTP Baseball 17.12 Build 75